 Dungeon Crawl Stone Soup version 0.24.1 (webtiles) character file.

Game seed: 15617455843081274221, levelgen mode: deterministic

124 Zeebu the Skirmisher (level 4, -1/37 HPs)
             Began as a Demonspawn Abyssal Knight on Apr 1, 2020.
             Was a Believer of Lugonu.
             Slain by an orc wizard
             ... wielding a +0 dagger
              (3 damage)
             ... on level 3 of the Dungeon.
             The game lasted 00:21:57 (3500 turns).

Zeebu the Skirmisher (Demonspawn Abyssal Knight)    Turns: 3500, Time: 00:21:57

Health: -1/37      AC:  3    Str: 13    XL:     4   Next: 81%
Magic:  0/6        EV: 11    Int: 13    God:    Lugonu [**....]
Gold:   91         SH:  0    Dex: 13    Spells: 3/3 levels left

rFire    . . .     SeeInvis .   a - +1 mace
rCold    . . .     Gourm    .   (no shield)
rNeg     . . .     Faith    .   b - +0 leather armour
rPois    .         Spirit   +   (helmet restricted)
rElec    .         Reflect  .   (no cloak)
rCorr    .         Harm     .   (no gloves)
MR       .....                  (no boots)
Stlth    +.........             (no amulet)
HPRegen  0.12/turn              c - ring of flight
MPRegen  0.10/turn              (no ring)

@: slowed, very slow
A: antennae 1, magic shield
a: Depart the Abyss, Bend Space, Renounce Religion, Evoke Flight


You were on level 3 of the Dungeon.
You worshipped Lugonu.
Lugonu was pleased with you.
You were hungry.

You visited 1 branch of the dungeon, and saw 3 of its levels.
You visited the Abyss 1 time.

You collected 91 gold pieces.

Inventory:

Hand Weapons
 a - a +1 mace (weapon)
Armour
 b - a +0 leather armour (worn)
Jewellery
 c - a ring of flight (left hand)
   (You found it on level 1 of the Dungeon)
 i - an uncursed ring of wizardry {unknown}
   (You found it on level 2 of the Dungeon)
 k - an uncursed amulet of faith {unknown}
   (You found it on level 2 of the Dungeon)
Scrolls
 d - 2 scrolls of immolation {unknown}
 g - 2 scrolls of enchant weapon {unknown}
 l - 2 scrolls of identify {unknown}
 m - a scroll of teleportation {unknown}
Potions
 f - a potion of degeneration {unknown}
 j - a potion of brilliance {unknown}
Comestibles
 e - 2 rations {!d}


   Skills:
 + Level 3.8 Fighting
 + Level 2.7 Maces & Flails
 + Level 2.7 Armour
 - Level 0.8 Dodging
 + Level 3.8 Invocations


You had 3 spell levels left.
You didn't know any spells.
Your spell library was empty.

Dungeon Overview and Level Annotations

Branches:
Dungeon (3/15)

Altars:
Cheibriados
Hepliaklqana


Innate Abilities, Weirdness & Mutations

You have a pair of small antennae on your head.
When hurt, damage is shared between your health and your magic reserves.


Message History

You hit the orc wizard but do no damage.
The orc wizard points at you and mumbles some strange words.
The magic dart hits you.
The orc wizard points at you and mumbles some strange words.
You resist with some effort. The orc wizard completely misses you.
You hit the orc wizard but do no damage.
The orc wizard mumbles some strange words.
The orc wizard blinks!
The orc wizard points at you and mumbles some strange words.
You feel yourself slow down. The orc wizard misses you.
Items here: )) †† a +0 whip; a cursed +0 dagger; an orc corpse x2
You thump the orc wizard!
The orc wizard hits you but does no damage. x2
The orc wizard casts a spell at you.
You feel as though you will be slow longer.
You closely miss the orc wizard.
The orc wizard gestures wildly while chanting.
The orc wizard blinks!
The orc wizard points at you and mumbles some strange words.
You resist with some effort.
The orc wizard gestures at you while chanting.
The magic dart hits you.
The orc wizard gestures wildly while chanting.
The orc wizard blinks!
The orc barely misses you.
You hit the orc. The orc hits you but does no damage.
The orc hits you with a +0 dagger.
* * * LOW HITPOINT WARNING * * *
The orc wizard casts a spell at you. The magic dart hits you.
* * * LOW HITPOINT WARNING * * *
Space bends around you!
You blink.
You are feeling hungry.
The orc wizard closely misses you.
The orc wizard hits you but does no damage.
The orc wizard casts a spell at you.
You feel as though you will be slow longer.
The orc wizard barely misses you.
The orc wizard points at you and mumbles some strange words.
The magic dart hits you.
* * * LOW HITPOINT WARNING * * *
The orc wizard hits you with a +0 dagger.
* * * LOW HITPOINT WARNING * * *
The orc wizard closely misses you.
There is a stone staircase leading up here.
The orc wizard hits you with a +0 dagger.
* * * LOW HITPOINT WARNING * * *
The orc wizard hits you with a +0 dagger.
You die...

#.....##...# #......
#.....##...# #......
#.....##...# ##..#+#
#......#...# ##.#
#......#...# #.##
#......#...# ###..##
#..........# #.....#
#.......###########.##.##
##.....o@........##.# ..#
#.....o####.###.##.# #.#
#.....o...).# #....# .#
#.....#####o###.#..# ##
#####.# #.....o..# #.#
########.# #.# #.# #.#
#####o# #.. #.....#


You could see 2 orc wizards and an orc.

Vanquished Creatures
  2 gnolls (D:1)
  2 adders
  2 oozes (D:1)
  A worm (D:2)
  3 dart slugs
  2 orcs (D:3)
  A ball python (D:2)
  7 giant cockroaches
  8 goblins
  9 hobgoblins
  3 jackals (D:2)
  8 kobolds
  6 bats
  5 frilled lizards
  7 rats
66 creatures vanquished.

Notes
Turn   | Place    | Note
-------+----------+-------------------------------------------
     0 | Abyss:1  | Zeebu the Demonspawn Abyssal Knight began the quest for the
                  | Orb.
     0 | Abyss:1  | Reached XP level 1. HP: 18/18 MP: 2/2
    22 | D:1      | Escaped the Abyss
   209 | D:1      | Gained mutation: When hurt, damage is shared between your
                  | health and your magic reserves. [demonic ancestry]
   209 | D:1      | Reached XP level 2. HP: 8/24 MP: 4/4
  1233 | D:1      | Gained mutation: You have a pair of small antennae on your
                  | head. [demonic ancestry]
  1233 | D:1      | Reached XP level 3. HP: 26/29 MP: 3/5
  1234 | D:1      | Reached ** piety under Lugonu
  2164 | D:2      | Reached XP level 4. HP: 26/36 MP: 4/6
  2686 | D:2      | Found a hazy altar of Hepliaklqana.
  2686 | D:2      | Found a snail-covered altar of Cheibriados.
  3500 | D:3      | Slain by an orc wizard

Levels and vault maps discovered:
D:1:      roderic_crossed_star, layout_loops_corners
D:2:      layout_loops_corners, chequers_temple_overflow_statue_of_worship
D:3:      layout_basic, nicolae_overflow_hidden_temple, first_ration,
          grunt_ministairs_10

Skill      XL: |  1  2 |
---------------+-------+-----
Maces & Flails | 2 |  2.7
Armour         | 2 |  2.7
Invocations    | 3 |  3.8
Fighting       | |  3.8
Dodging        | |  0.8

Action                   |  1- 3 |  4- 6 || total
-------------------------+-------+-------++-------
Melee: Mace              |   136 |    98 ||   234
Invok: Bend Space        |       |     1 ||     1
  Eat: Chunk             |     3 |     5 ||     8
Armor: Leather armour    |    42 |    21 ||    63
Dodge: Dodged            |    87 |    61 ||   148
